 Seeded DCSS version 0.31-a0-229-g1fc7ce93e2 (webtiles) character file.

Game seed: 13275427502194390118 (custom seed)

4 rocky1 the Shield-Bearer (level 1, 20/20 HPs)
             Began as a Minotaur Fighter on July 7, 2023.
             Quit the game on level 1 of the Dungeon.
             The game lasted 00:00:23 (210 turns).

rocky1 the Shield-Bearer (Minotaur Fighter)          Turns: 210, Time: 00:00:23

Health: 20/20      AC:  7    Str: 20    XL:     1   Next: 50%
Magic:  0/0        EV:  9    Int:  5    God:
Gold:   0          SH:  4    Dex:  9    Spells: 0/0 levels left

rFire   . . .        a - +0 flail
rCold   . . .        c - +0 buckler
rNeg    . . .        b - +0 scale mail
rPois   .            (helmet restricted)
rElec   .            (no cloak)
rCorr   .            (no gloves)
SInv    .            (no boots)
Will    .....        (no amulet) Stlth
                     (no ring)
HPRegen 0.23/turn    (no ring)
MPRegen 0.07/turn

%: no passive effects
@: no status effects
A: horns 2, retaliatory headbutt
a: no special abilities


You were on level 1 of the Dungeon.
You visited 1 branch of the dungeon, and saw 1 of its levels.

Inventory:

Hand Weapons
 a - a +0 flail (weapon)
Missiles
 g - 4 javelins (quivered)
Armour
 b - a +0 scale mail (worn)
 c - a +0 buckler (worn)
Jewellery
 e - a +6 ring of strength
Scrolls
 f - a scroll of teleportation {unknown}
Potions
 d - a potion of might


   Skills:
 + Level 3.7 Fighting
 + Level 2.4 Maces & Flails
 + Level 3.7 Armour
 + Level 3.8 Shields


You couldn't memorise any spells.
You didn't know any spells.
Your spell library was empty.

Dungeon Overview and Level Annotations

Branches:
Dungeon (1/15)

Altars:

Shops:
D:1 =


Innate Abilities, Weirdness & Mutations

You have a pair of horns on your head.
You reflexively headbutt those who attack you in melee.


Message History

The bat hits you but does no damage. The bat barely misses you.
You closely miss the bat. The bat misses you. The bat barely misses you.
You sock the bat!
You kill the bat!
No target in view!
No target in view!
You see here a bat corpse.
Found 4 javelins.
f - a scroll labelled IPHUFAG JYST You see here 4 javelins.
g - 4 javelins Unknown command.
A bat comes into view.
A bat is nearby!
A bat is nearby!
The bat hits you but does no damage.
You closely miss the bat. The bat hits you but does no damage.
You block the bat's attack. x2
You barely miss the bat. You headbutt the bat.
The bat is moderately wounded.
The bat hits you but does no damage.
You miss the bat.
The bat is moderately wounded.
The bat hits you but does no damage. The bat hits you but does no damage.
The bat barely misses you. The bat closely misses you.
No target in view!
No target in view!
No target in view!
No target in view!
The bat hits you but does no damage. The bat barely misses you. x2
You closely miss the bat. The bat closely misses you.
You block the bat's attack.
You closely miss the bat. The bat barely misses you. x2
You furiously retaliate!
You headbutt the bat!
You kill the bat!
No target in view!
No target in view!
Are you sure you want to abandon this character and quit the game? (Confirm with "yes".)

###........#
#.....####.# #####
#.#.#.####.#######
....#
#.......##.......#
###.#
#.#.#.#.########.#
#.# #.....#.# #.#
#.# #.#.###.# #.#
#.# #.#.
#.########.# #.#
#... #.@.##.....#
###.###.###
#...##.#####
....##..# #...##.#
.##.#...###.#
##.###.#
...........# #.#
#.# ...###..####
#.# #.# .....#.##
#.# #.# ...###.##
#.# #.#
........########.#
#.#


There were no monsters in sight!

Vanquished Creatures
  2 bats (D:1)
  A quokka (D:1)
3 creatures vanquished.

Notes
Turn   | Place    | Note
-------+----------+-------------------------------------------
     0 | D:1      | rocky1 the Minotaur Fighter began the quest for the Orb.
     0 | D:1      | Reached XP level 1. HP: 19/19 MP: 0/0
    10 | D:1      | Found Onlezats's Jewellery Emporium.
   210 | D:1      | Quit the game

Illustrated notes

Levels and vault maps discovered:
D:1:      erik_arrival_blinker_ship, layout_loops_ring, serial_shops, shop,
          shop, shop, nicolae_shop_rolling_square

Action                     || total
---------------------------++-------
  Melee: Flail             ||    12
         Headbutt          ||     2
 Armour: Scale mail        ||    10
  Dodge: Dodged            ||    16
  Block: Buckler           ||     5

Table legend: (Time is in decaauts)
 A = Elapsed time spent in this place.
 B = Non-inter-level travel time spent in this place.
 C = Inter-level travel time spent in this place.
 D = Time resting spent in this place.
 E = Time spent auto-exploring this place.
 F = Levels seen in this place.
 G = Mean time per level.
                   A        B        C        D        E       F      G
               +--------+--------+--------+--------+--------+-----+--------+
         Total |    213 |    213 |      0 |      0 |    172 |   1 |  213.0 |
       Dungeon |    213 |    213 |      0 |      0 |    172 |   1 |  213.0 |
               +--------+--------+--------+--------+--------+-----+--------+

Top non-repeatable levels by time:
     D:1: 213 daAuts
